[ PARTIDA AOE2 · #507034979 ]
UnrankedLituanos vs Japanese
Equipo del jugador · DERR
Equipo rival · VICT
[ ANÁLISIS DE REPETICIÓN · EXTRAÍDO DE LA PARTIDA GRABADA ]
Feudal
11:54
Castillos
25:48
Imperial
—
| APM promedio | 64.7 |
| APM pico | 113 |
| eAPM promedio | 39.6 |
| Aldeanos / militares | 78 / 45 |
Foco
⚔️ 53.4% · 🌾 46.6%
Skirmisher ×21 · Archer ×10 · Militia ×7 · Monk ×5 · Spearman ×2
Feudal
11:02
Castillos
22:54
Imperial
—
| APM promedio | 79.7 |
| APM pico | 113 |
| eAPM promedio | 40.0 |
| Aldeanos / militares | 139 / 39 |
Foco
⚔️ 31.6% · 🌾 68.4%
Knight ×20 · Skirmisher ×11 · Militia ×7 · Scout Cavalry ×1
Mapa de la partida
Recursos iniciales + cada clic de construcción. Líneas = muros · curvas = relieve. ◆ oro · ⬟ piedra · ● bayas · ✦ reliquia · ◌ hueco del cierre
Tu base· Abierta — el rival se encerró
Base de Billy Pilgrim· ✓ Cerrada en 22:54 · 69t muro · sin puerta
Terreno inicial suavizado · ◌ = hueco del cierre detectado · pasá el cursor para detalles
Inputs por minuto
— KIV.YourAddHere - - Billy Pilgrim
Build order — KIV.YourAddHere
Primeras 150 de 195 acciones detectadas
| 0:03 | Crear | Villager (Male) |
| 0:03 | Crear | Villager (Male) |
| 0:03 | Crear | Villager (Male) |
| 0:03 | Crear | Villager (Male) |
| 0:03 | Crear | Villager (Male) |
| 0:03 | Crear | Villager (Male) |
| 0:04 | Crear | Villager (Male) |
| 0:04 | Construir | House |
| 0:06 | Construir | House |
| 1:34 | Crear | Villager (Male) |
| 1:34 | Crear | Villager (Male) |
| 2:20 | Crear | Villager (Male) |
| 2:24 | Construir | Barracks |
| 2:39 | Crear | Villager (Male) |
| 2:39 | Crear | Villager (Male) |
| 2:40 | Crear | Villager (Male) |
| 3:19 | Crear | Villager (Male) |
| 3:21 | Construir | House |
| 3:31 | Crear | Militia |
| 3:55 | Crear | Villager (Male) |
| 3:59 | Crear | Militia |
| 4:34 | Investigar | Loom |
| 4:45 | Crear | Villager (Male) |
| 4:46 | Crear | Villager (Male) |
| 5:04 | Crear | Militia |
| 5:04 | Crear | Militia |
| 5:14 | Crear | Villager (Male) |
| 5:14 | Crear | Villager (Male) |
| 5:50 | Crear | Villager (Male) |
| 5:58 | Construir | House |
| 6:24 | Crear | Villager (Male) |
| 6:26 | Construir | House |
| 6:31 | Crear | Villager (Male) |
| 6:35 | Crear | Villager (Male) |
| 6:51 | Crear | Villager (Male) ×4 |
| 7:12 | Crear | Villager (Male) |
| 7:19 | Construir | Mill |
| 7:31 | Crear | Militia |
| 7:51 | Crear | Villager (Male) ×3 |
| 8:07 | Crear | Villager (Male) |
| 8:29 | Construir | Lumber Camp |
| 8:39 | Crear | Militia |
| 9:11 | Crear | Villager (Male) |
| 9:30 | Construir | House |
| 9:44 | Investigar | Feudal Age |
| 9:58 | Construir | Mining Camp |
| 10:28 | Crear | Militia |
| 10:39 | Construir | House |
| 10:42 | Construir | Palisade Wall |
| 10:43 | Construir | Palisade Wall |
| 10:48 | Construir | Palisade Wall |
| 10:50 | Construir | Palisade Wall |
| 10:53 | Construir | Palisade Wall |
| 10:56 | Construir | Palisade Wall |
| 10:58 | Construir | Palisade Wall |
| 11:06 | Construir | Palisade Wall |
| 11:08 | Construir | Palisade Wall |
| 11:10 | Construir | House |
| 11:13 | Construir | Palisade Wall |
| 11:19 | Crear | Villager (Male) |
| 11:21 | Construir | House |
| 11:24 | Construir | Palisade Wall |
| 11:25 | Construir | Palisade Wall |
| 11:25 | Construir | Palisade Wall |
| 11:54 | Edad | Edad Feudal |
| 11:54 | Crear | Villager (Male) |
| 11:56 | Investigar | Man-at-Arms (upgrade) |
| 12:08 | Construir | Archery Range |
| 12:11 | Construir | House |
| 12:16 | Construir | House |
| 12:20 | Crear | Villager (Male) |
| 12:23 | Construir | House |
| 12:27 | Investigar | Double-Bit Axe |
| 12:46 | Crear | Villager (Male) |
| 12:52 | Construir | House |
| 13:04 | Construir | Palisade Wall |
| 13:13 | Crear | Villager (Male) |
| 13:16 | Investigar | Horse Collar |
| 13:22 | Crear | Archer |
| 13:41 | Construir | Farm |
| 13:44 | Crear | Archer |
| 14:00 | Crear | Villager (Male) |
| 14:05 | Construir | Farm |
| 14:08 | Crear | Villager (Male) |
| 14:14 | Crear | Archer |
| 14:43 | Construir | Archery Range |
| 14:53 | Crear | Villager (Male) |
| 14:55 | Construir | Farm |
| 15:00 | Crear | Villager (Male) |
| 15:02 | Crear | Archer |
| 15:22 | Construir | Blacksmith |
| 15:33 | Crear | Archer |
| 15:40 | Crear | Archer |
| 15:40 | Crear | Skirmisher |
| 15:46 | Construir | Farm |
| 15:49 | Crear | Villager (Male) |
| 16:04 | Construir | Palisade Wall |
| 16:16 | Crear | Villager (Male) |
| 16:19 | Construir | Farm |
| 16:27 | Construir | House |
| 16:27 | Construir | House |
| 16:29 | Construir | Farm |
| 16:30 | Investigar | Fletching |
| 16:30 | Investigar | Fletching |
| 16:32 | Construir | Farm |
| 16:37 | Crear | Skirmisher |
| 16:38 | Crear | Skirmisher |
| 16:44 | Crear | Archer |
| 16:52 | Construir | Farm |
| 16:56 | Construir | Farm |
| 16:57 | Construir | Farm |
| 17:05 | Crear | Villager (Male) |
| 17:05 | Crear | Villager (Male) |
| 17:17 | Construir | Lumber Camp |
| 17:33 | Construir | Farm |
| 17:35 | Crear | Archer |
| 17:36 | Construir | Farm |
| 17:40 | Crear | Villager (Male) |
| 17:40 | Crear | Villager (Male) |
| 18:00 | Crear | Villager (Male) |
| 18:01 | Crear | Archer |
| 18:02 | Crear | Archer |
| 18:12 | Construir | Farm |
| 18:32 | Crear | Villager (Male) |
| 18:46 | Crear | Skirmisher |
| 18:46 | Crear | Skirmisher |
| 18:48 | Crear | Villager (Male) |
| 18:59 | Construir | Farm |
| 19:00 | Construir | Farm |
| 19:01 | Construir | Mill |
| 19:03 | Construir | Farm |
| 19:04 | Construir | Farm |
| 19:05 | Construir | Farm |
| 19:06 | Construir | Farm |
| 19:11 | Crear | Skirmisher |
| 19:26 | Crear | Skirmisher |
| 19:27 | Crear | Villager (Male) |
| 19:30 | Construir | Farm |
| 19:39 | Construir | Farm |
| 19:41 | Construir | Farm |
| 19:42 | Crear | Skirmisher |
| 19:55 | Crear | Skirmisher |
| 19:55 | Crear | Skirmisher |
| 20:38 | Crear | Villager (Male) |
| 20:39 | Crear | Skirmisher |
| 20:40 | Crear | Skirmisher |
| 20:47 | Crear | Villager (Male) |
| 21:01 | Investigar | Padded Archer Armor |
| 21:02 | Crear | Skirmisher |
| 21:02 | Crear | Villager (Male) ×4 |
Build order — Billy Pilgrim
Primeras 150 de 280 acciones detectadas
| 0:00 | Crear | Villager (Male) |
| 0:01 | Crear | Villager (Male) |
| 0:02 | Construir | House |
| 0:03 | Construir | House |
| 0:10 | Crear | Villager (Male) |
| 0:17 | Crear | Villager (Male) |
| 1:13 | Construir | House |
| 1:37 | Crear | Villager (Male) |
| 1:52 | Construir | Lumber Camp |
| 2:05 | Construir | Mill |
| 2:09 | Crear | Villager (Male) |
| 2:09 | Crear | Villager (Male) |
| 2:14 | Crear | Villager (Male) |
| 2:43 | Crear | Villager (Male) |
| 3:25 | Crear | Villager (Male) |
| 3:25 | Crear | Villager (Male) |
| 3:34 | Construir | House |
| 3:35 | Construir | House |
| 3:44 | Crear | Villager (Male) |
| 3:44 | Crear | Villager (Male) |
| 4:02 | Crear | Villager (Male) |
| 4:14 | Crear | Villager (Male) |
| 4:57 | Crear | Villager (Male) |
| 4:57 | Crear | Villager (Male) |
| 5:15 | Construir | Barracks |
| 5:17 | Crear | Villager (Male) |
| 5:25 | Crear | Villager (Male) |
| 5:29 | Crear | Villager (Male) |
| 5:42 | Construir | Mill |
| 5:43 | Crear | Villager (Male) |
| 5:52 | Investigar | Loom |
| 5:53 | Crear | Villager (Male) |
| 6:12 | Crear | Villager (Male) |
| 6:15 | Investigar | Loom |
| 6:22 | Crear | Villager (Male) |
| 6:38 | Crear | Villager (Male) |
| 6:53 | Crear | Villager (Male) |
| 7:03 | Crear | Villager (Male) |
| 7:10 | Crear | Villager (Male) |
| 7:12 | Crear | Villager (Male) |
| 7:25 | Crear | Villager (Male) |
| 7:33 | Crear | Villager (Male) |
| 7:48 | Crear | Villager (Male) |
| 7:51 | Crear | Villager (Male) |
| 7:54 | Crear | Villager (Male) |
| 8:02 | Crear | Villager (Male) |
| 8:06 | Crear | Villager (Male) |
| 8:22 | Crear | Villager (Male) |
| 8:52 | Investigar | Feudal Age |
| 9:08 | Crear | Villager (Male) |
| 9:37 | Construir | Mining Camp |
| 9:44 | Crear | Villager (Male) |
| 9:47 | Construir | Palisade Wall |
| 9:50 | Crear | Militia |
| 9:51 | Crear | Militia |
| 9:58 | Crear | Villager (Male) |
| 10:05 | Construir | House |
| 10:06 | Construir | House |
| 10:17 | Crear | Villager (Male) |
| 10:20 | Crear | Villager (Male) |
| 10:22 | Construir | Palisade Wall |
| 10:35 | Crear | Villager (Male) |
| 10:45 | Construir | House |
| 10:48 | Construir | Palisade Wall |
| 10:59 | Crear | Villager (Male) |
| 11:00 | Crear | Militia |
| 11:02 | Edad | Edad Feudal |
| 11:06 | Investigar | Double-Bit Axe |
| 11:08 | Investigar | Horse Collar |
| 11:11 | Construir | Farm |
| 11:15 | Investigar | Gold Mining |
| 11:17 | Crear | Villager (Male) |
| 11:28 | Crear | Villager (Male) |
| 11:30 | Crear | Villager (Male) |
| 11:39 | Crear | Villager (Male) |
| 11:52 | Crear | Villager (Male) |
| 11:54 | Investigar | Man-at-Arms (upgrade) |
| 11:54 | Investigar | Man-at-Arms (upgrade) |
| 12:01 | Crear | Villager (Male) |
| 12:02 | Construir | Farm |
| 12:06 | Construir | Farm |
| 12:07 | Construir | Farm |
| 12:08 | Construir | Farm |
| 12:10 | Construir | Farm |
| 12:19 | Construir | Farm |
| 12:22 | Construir | Farm |
| 12:28 | Construir | Palisade Wall |
| 12:29 | Crear | Villager (Male) |
| 12:34 | Crear | Villager (Male) |
| 12:38 | Crear | Villager (Male) |
| 12:42 | Crear | Militia |
| 12:43 | Crear | Militia |
| 12:43 | Crear | Villager (Male) |
| 12:57 | Crear | Villager (Male) |
| 13:02 | Crear | Villager (Male) |
| 13:04 | Construir | Farm |
| 13:05 | Construir | Farm |
| 13:10 | Crear | Villager (Male) |
| 13:29 | Crear | Villager (Male) |
| 13:43 | Crear | Villager (Male) |
| 13:47 | Construir | Archery Range |
| 13:49 | Crear | Villager (Male) |
| 13:57 | Crear | Militia |
| 13:58 | Crear | Militia |
| 13:58 | Crear | Villager (Male) |
| 13:59 | Crear | Villager (Male) |
| 14:02 | Construir | Farm |
| 14:20 | Crear | Villager (Male) |
| 14:24 | Construir | Farm |
| 14:28 | Crear | Villager (Male) |
| 14:37 | Crear | Villager (Male) |
| 14:40 | Construir | House |
| 14:43 | Construir | House |
| 14:44 | Construir | House |
| 14:47 | Construir | House |
| 14:52 | Investigar | Wheelbarrow |
| 14:54 | Crear | Skirmisher |
| 14:55 | Crear | Skirmisher |
| 14:56 | Investigar | Wheelbarrow |
| 14:56 | Investigar | Wheelbarrow |
| 15:24 | Crear | Villager (Male) |
| 15:27 | Crear | Skirmisher |
| 15:38 | Construir | Blacksmith |
| 15:47 | Construir | Blacksmith |
| 15:49 | Construir | Palisade Wall |
| 15:51 | Crear | Villager (Male) |
| 15:59 | Construir | Palisade Wall |
| 15:59 | Crear | Villager (Male) |
| 16:04 | Crear | Skirmisher |
| 16:29 | Crear | Skirmisher |
| 16:30 | Investigar | Fletching |
| 16:35 | Construir | Lumber Camp |
| 16:37 | Crear | Villager (Male) |
| 16:38 | Construir | Farm |
| 16:40 | Construir | Farm |
| 16:48 | Crear | Villager (Male) |
| 16:49 | Crear | Skirmisher |
| 16:50 | Investigar | Padded Archer Armor |
| 16:51 | Crear | Villager (Male) |
| 16:58 | Construir | House |
| 17:02 | Construir | Palisade Wall |
| 17:10 | Crear | Skirmisher |
| 17:11 | Crear | Villager (Male) |
| 17:17 | Crear | Villager (Male) |
| 17:20 | Crear | Villager (Male) |
| 17:22 | Construir | Farm |
| 17:26 | Construir | Farm |
| 17:32 | Crear | Villager (Male) |
| 17:50 | Crear | Skirmisher |
| 17:51 | Crear | Skirmisher |
Cronología de la partida
| 2:24 | KIV.YourAddHere · first_building Barracks |
| 5:15 | Billy Pilgrim · first_building Barracks |
| 9:47 | Billy Pilgrim · wall_segment Palisade Wall x1 |
| 10:22 | Billy Pilgrim · wall_segment Palisade Wall x1 |
| 10:42 | KIV.YourAddHere · wall_segment Palisade Wall x1 |
| 10:43 | KIV.YourAddHere · wall_segment Palisade Wall x1 |
| 10:48 | KIV.YourAddHere · wall_segment Palisade Wall x1 |
| 10:48 | Billy Pilgrim · wall_segment Palisade Wall x9 |
| 10:50 | KIV.YourAddHere · wall_segment Palisade Wall x1 |
| 10:53 | KIV.YourAddHere · wall_segment Palisade Wall x1 |
| 10:56 | KIV.YourAddHere · wall_segment Palisade Wall x1 |
| 10:58 | KIV.YourAddHere · wall_segment Palisade Wall x1 |
| 11:02 | Billy Pilgrim · age_up feudal |
| 11:06 | KIV.YourAddHere · wall_segment Palisade Wall x1 |
| 11:08 | KIV.YourAddHere · wall_segment Palisade Wall x1 |
| 11:13 | KIV.YourAddHere · wall_segment Palisade Wall x1 |
| 11:24 | KIV.YourAddHere · wall_segment Palisade Wall x1 |
| 11:25 | KIV.YourAddHere · wall_segment Palisade Wall x1 |
| 11:25 | KIV.YourAddHere · wall_segment Palisade Wall x1 |
| 11:54 | KIV.YourAddHere · age_up feudal |
| 12:08 | KIV.YourAddHere · first_building Archery Range |
| 12:28 | Billy Pilgrim · wall_segment Palisade Wall x16 |
| 13:04 | KIV.YourAddHere · wall_segment Palisade Wall x2 |
| 13:47 | Billy Pilgrim · first_building Archery Range |
| 15:49 | Billy Pilgrim · wall_segment Palisade Wall x6 |
| 15:59 | Billy Pilgrim · wall_segment Palisade Wall x15 |
| 16:04 | KIV.YourAddHere · wall_segment Palisade Wall x1 |
| 17:02 | Billy Pilgrim · wall_segment Palisade Wall x22 |
| 20:40 | Billy Pilgrim · first_building Stable |
| 22:54 | Billy Pilgrim · age_up castle |
| 23:02 | KIV.YourAddHere · first_market_buy 100 food |
| 25:48 | KIV.YourAddHere · age_up castle |
| 25:52 | KIV.YourAddHere · first_building Monastery |
| 26:30 | KIV.YourAddHere · first_market_sell 100 wood |
| 26:33 | KIV.YourAddHere · wall_segment Palisade Wall x1 |
| 27:23 | KIV.YourAddHere · wall_segment Stone Wall x2 |
| 27:38 | KIV.YourAddHere · resign |
[ ANÁLISIS IA · 1 CRÉDITO ]
¿Qué pasó realmente en esta partida?
Wolo.gg analiza cada decisión: build order, eco, micro, errores típicos por bracket. Análisis personalizado por WhatsApp o Discord en 30 segundos.
Guía civ
Lituanos
Perfil
KIV.YourAddHere